 Dungeon Crawl Stone Soup version 0.31-a0-667-g39726597b9 (webtiles) character file.

Game seed: 9937110751183640776

53 greenreed the Ruffian (level 3, 0/36 HPs)
             Began as an Octopode Shapeshifter on Sept 3, 2023.
             Succumbed to a goblin's poison
             ... on level 2 of the Dungeon.
             The game lasted 00:01:14 (661 turns).

greenreed the Ruffian (Octopode Shapeshifter)        Turns: 661, Time: 00:01:14

Health: 0/36       AC: 21    Str: 15    XL:     3   Next: 87%
Magic:  3/3        EV:  2    Int: 12    God:
Gold:   63         SH:  0    Dex: 11    Spells: 2/2 levels left

rFire   . .          .
                       - Unarmed
rCold   . . .        (no shield)
rNeg    . . .        (helmet currently unavailable)
rPois   +            (no amulet)
rElec   .            (no ring)
rCorr   .            (no ring)
SInv    .            (no ring)
Will    .....        (no ring)
Stlth   +            (no ring)
HPRegen 0.26/turn    (no ring)
MPRegen 0.08/turn    (no ring)
                     (no ring)

%: no passive effects
@: lethally poisoned (0 -> -6), tree-form
A: stationary, stasis, torment immunity, boosted hp, almost no armour,
(amphibious), 8 rings, (camouflage 1), (gelatinous body 1), (nimble swimmer 1),
(tentacles)
a: no special abilities


You were on level 2 of the Dungeon.
You were a tree.
You visited 1 branch of the dungeon, and saw 2 of its levels.

You collected 63 gold pieces.

Inventory:

Jewellery
 j - a ring of ice
Talismans
 b - a beast talisman
 c - a flux talisman
Scrolls
 d - 2 scrolls of brand weapon {unknown}
 e - a scroll of fear {unknown}
 f - 3 scrolls of identify {unknown}
Potions
 g - 2 potions of magic {unknown}
 h - a potion of enlightenment {unknown}
 i - a potion of might {unknown}


   Skills:
 * Level 2.0 Fighting
 + Level 2.5 Dodging
 * Level 3.6 Unarmed Combat
 + Level 3.2 Shapeshifting


You had 2 spell levels left.
You didn't know any spells.
Your spell library was empty.

Dungeon Overview and Level Annotations

Branches:
Dungeon (1/15)

Altars:
Elyvilon


Innate Abilities, Weirdness & Mutations

You are a tree.
Your roots penetrate the ground, keeping you stationary.
You cannot be teleported.
You are immune to unholy pain and torment.
Your maximum health is greatly increased.
You cannot wear most types of armour.
((You are amphibious.))
You can wear up to eight rings at the same time.
((Your skin changes colour to match your surroundings (Stealth+).))
((Your rubbery body absorbs attacks. (AC +1, EV +1)))
((You are camouflaged when in or above water. (Stealth+)))
((You have tentacles for arms and can constrict up to eight enemies at once.))


Message History

You tentacle-slap the quokka.
You kill the quokka!
No target in view!
A kobold comes into view. It is wielding a +0 short sword.
Found a dagger.
You see here a quokka corpse.
A kobold is nearby!
A goblin comes into view. It is wielding a +2 dagger of venom.
Found a mace.
The kobold hits you with a +0 short sword.
You tentacle-slap the kobold but do no damage.
You grab the kobold. Your squeeze misses the kobold. You constrict the kobold.
The kobold hits you with a +0 short sword.
You tentacle-slap the kobold.
You kill the kobold!
The goblin shouts!
The goblin unwields a +2 dagger of venom.
It stops dripping with poison.
The goblin wields a +0 sling.
The goblin shoots a sling bullet.
The sling bullet closely misses you.
The goblin shoots a sling bullet.
The sling bullet hits you.
You are too injured to fight recklessly!
You are too injured to fight recklessly!
You are too injured to fight recklessly!
The goblin shoots a sling bullet.
The sling bullet hits you.
The goblin unwields a +0 sling.
The goblin wields a +2 dagger of venom.
It begins to drip with poison!
The goblin hits you with a +2 dagger of venom.
* * * LOW HITPOINT WARNING * * *
You are lethally poisoned!
You tentacle-slap the goblin.
You kill the goblin!
* * * LOW HITPOINT WARNING * * *
You feel very sick.
Your transformation has ended.
You turn into a tree.
Your roots penetrate the ground.
* * * LOW HITPOINT WARNING * * *
You feel sick.
* * * LOW HITPOINT WARNING * * *
You feel sick.
You die...

.##.##.##....# ####
###.#..###...# #...##
#.#.## #...##.....##
#.#.# #...#.......##
..#...########.)...)..#
#.........####.###....
#########...†...#..#
#####.#..?## #.##♣).#
#.#.)#....# #...###...#
###. .### ## #


There were no monsters in sight!

Vanquished Creatures
  2 adders (D:2)
  2 dart slugs
  2 worms (D:2)
  3 ball pythons
  2 endoplasms
  2 giant cockroaches
  3 goblins
  2 hobgoblins (D:1)
  4 kobolds
  A quokka (D:2)
  A bat (D:2)
  2 frilled lizards (D:1)
  A rat (D:2)
27 creatures vanquished.

Notes
Turn   | Place    | Note
-------+----------+-------------------------------------------
     0 | D:1      | greenreed the Octopode Shapeshifter began the quest for the
                  | Orb.
     0 | D:1      | Reached XP level 1. HP: 13/13 MP: 1/1
   124 | D:1      | Reached XP level 2. HP: 11/18 MP: 2/2
   305 | D:1      | Found a faded altar of an unknown god.
   321 | D:1      | You fall into a shaft and drop 1 floor!
   334 | D:2      | Reached XP level 3. HP: 19/24 MP: 3/3
   579 | D:2      | Found a white marble altar of Elyvilon.
   661 | D:2      | Succumbed to a goblin's poison

Illustrated notes

Levels and vault maps discovered:
D:1:      lemuel_arrival_cross, layout_rooms, dilly_ecumenical_altar_fadedgnrine
D:2:      layout_rooms, basic_altar, minmay_tetromino_t4, uniq_terence

Skill      XL: |  1  2  3 |
---------------+----------+-----
Fighting       | 2 |  2.0
Dodging        | |  2.5
Unarmed Combat | |  3.6
Shapeshifting  | |  3.2

Action                     || total
---------------------------++-------
  Melee: Unarmed           ||    55
         Constrict         ||    16
         Tentacles         ||    10
         Punch             ||     2
    Use: Potion            ||     1
   Stab: Sleeping          ||     3
 Armour: Skin              ||    22
  Dodge: Dodged            ||    22

Table legend: (Time is in decaauts)
 A = Elapsed time spent in this place.
 B = Non-inter-level travel time spent in this place.
 C = Inter-level travel time spent in this place.
 D = Time resting spent in this place.
 E = Time spent auto-exploring this place.
 F = Levels seen in this place.
 G = Mean time per level.
                   A        B        C        D        E       F      G
               +--------+--------+--------+--------+--------+-----+--------+
         Total |    657 |    657 |      0 |      0 |    501 |   2 |  328.5 |
       Dungeon |    657 |    657 |      0 |      0 |    501 |   2 |  328.5 |
               +--------+--------+--------+--------+--------+-----+--------+

Top non-repeatable levels by time:
     D:2: 337 daAuts
     D:1: 319 daAuts
